 Dungeon Crawl Stone Soup version 0.24.1-11-gbbbb2193e6 (webtiles) character file.

Game seed: 17037698076719030966, levelgen mode: deterministic

39 Gabide the Skirmisher (level 3, -1/34 HPs)
             Began as a Naga Fighter on May 15, 2020.
             Slain by a bullfrog (5 damage)
             ... on level 2 of the Dungeon.
             The game lasted 00:02:33 (912 turns).

Gabide the Skirmisher (Naga Fighter)                 Turns: 912, Time: 00:02:33

Health: -1/34      AC:  4    Str: 24    XL:     3   Next: 45%
Magic:  3/3        EV:  6    Int:  8    God:
Gold:   114        SH:  9    Dex: 10    Spells: 2/2 levels left

rFire    . . .     SeeInvis +   a - +1 trident
rCold    . . .     Gourm    .   c - +0 shield
rNeg     . . .     Faith    .   i - +0 ring mail
rPois    +         Spirit   .   (no helmet)
rElec    .         Reflect  .   (no cloak)
rCorr    .         Harm     .   (no gloves)
MR       .....                  (no barding)
Stlth    ..........             (no amulet)
HPRegen  0.11/turn              (no ring)
MPRegen  0.08/turn              (no ring)

@: mighty, very slow
A: large, see invisible, deformed body, poison resistance, slowness 2, slow
metabolism 1, spit poison 1, AC +1
a: Spit Poison


You were on level 2 of the Dungeon.
You were not hungry.

You visited 1 branch of the dungeon, and saw 2 of its levels.

You collected 114 gold pieces.

Inventory:

Hand Weapons
 a - a +1 trident (weapon)
Armour
 b - a +0 scale mail
 c - a +0 shield (worn)
 i - a +0 ring mail (worn)
Scrolls
 e - 2 scrolls of enchant weapon
 g - 2 scrolls of teleportation {unknown}
Potions
 h - a potion of curing {unknown}
 j - a potion of invisibility {unknown}
Comestibles
 f - 3 rations


   Skills:
 + Level 3.2 Fighting
 * Level 2.6 Polearms
 + Level 2.8 Armour
 + Level 2.7 Shields


You had 2 spell levels left.
You didn't know any spells.
Your spell library was empty.

Dungeon Overview and Level Annotations

Branches:
Dungeon (2/15)

Altars:

Annotations:
D:2 Robin


Innate Abilities, Weirdness & Mutations

You cannot wear boots.
Your serpentine skin is tough. (AC +1)
You have supernaturally acute eyesight. (SInv)
Armour fits poorly on your strangely shaped body.
Your system is resistant to poisons. (rPois)
You cover ground very slowly.
You have a slow metabolism.
You can spit poison.


Message History

The bullfrog hits you. The goblin barely misses you.
The bullfrog hits you but does no damage.
The goblin hits you.
A goblin comes into view. It is wielding a +0 club.
You closely miss the bullfrog.
The bullfrog is heavily wounded.
The goblin shouts!
You hear a shout!
The bullfrog barely misses you. The bullfrog hits you!
Robin roars a battlecry!
The goblin goes into a battle-frenzy!
The goblin hits you.
* * * LOW HITPOINT WARNING * * *
You feel very mighty all of a sudden. The bullfrog hits you.
* * * LOW HITPOINT WARNING * * *
The goblin hits you but does no damage. The bullfrog barely misses you.
As you read the scroll labeled JIUZIA HUIGG, it crumbles to dust.
It is a scroll of enchant weapon.
Your +0 trident glows red for a moment.
The bullfrog hits you.
You die...

>g..##. .......
....... .......
.......####
..........##
........g.g##
#########..g####
##ggF@.# ###g#.##
..#....##########..
#........)........#
.......#.....######..
#.....<##..#.....#
#.......##..####....
#.....)......### ..
#........>.)...##.#


You could see a bullfrog, Robin and 5 goblins.

Vanquished Creatures
  A worm (D:2)
  3 dart slugs (D:1)
  A leopard gecko (D:1)
  4 bats (D:1)
  A giant cockroach (D:1)
  A goblin (D:1)
  4 hobgoblins (D:1)
  3 jackals (D:1)
  A quokka (D:2)
  3 kobolds (D:1)
  5 rats (D:1)
27 creatures vanquished.

Notes
Turn   | Place    | Note
-------+----------+-------------------------------------------
     0 | D:1      | Gabide the Naga Fighter began the quest for the Orb.
     0 | D:1      | Reached XP level 1. HP: 21/21 MP: 1/1
    66 | D:1      | Reached XP level 2. HP: 24/28 MP: 2/2
   495 | D:1      | Reached XP level 3. HP: 34/34 MP: 3/3
   900 | D:2      | Noticed a bullfrog
   900 | D:2      | Noticed Robin
   912 | D:2      | Slain by a bullfrog

Levels and vault maps discovered:
D:1:      minmay_arrival_wavy_path, layout_loops_cross, minmay_quantized
D:2:      layout_rooms, uniq_robin

Action                   || total
-------------------------++-------
Melee: Trident           ||    90
 Abil: Spit Poison       ||     1
  Use: Scroll            ||     1
       Potion            ||     1
Armor: Scale mail        ||    17
       Ring mail         ||    17
Dodge: Dodged            ||    17
Block: Shield            ||    36
